Demolitions vs Senators
(R1)
Created - 7 avril 2016 at 06:33
Goals
|
| Demolitions |
0 |
2 |
4 |
6 |
| Senators |
0 |
5 |
2 |
7 |
|
Shots
|
| Demolitions |
2 |
22 |
17 |
41 |
| Senators |
4 |
23 |
9 |
36 |
|
1st period
No Goal
Penalties :
Milan Jurcina (BIN) for Interference (Minor) at 2:15, David Laliberté (Vic) for Holding (Minor) at 6:27, Logan Stephenson (BIN) for Hooking (Minor) at 6:45, Dylan Hunter (BIN) for Hooking (Minor) at 8:51, Seth Helgeson (Vic) for Roughing (Minor) at 15:03
2nd period
1. Senators , Josh Hennessy 8 (Stanislav Chistov, Sergei Kostitsyn) at 1:06 (PP)
2. Senators , Stanislav Chistov 47 (Josh Hennessy, Sergei Kostitsyn) at 5:28
3. Senators , Brett Sterling 14 (Steven Goertzen) at 8:34 (PP)
4. Senators , Cody Hodgson 31 (Steven Goertzen, Erik Karlsson) at 9:27
5. Demolitions , Josh Beaulieu 11 (Konstantin Pushkarev, David Laliberté) at 11:27
6. Demolitions , Ryan Vesce 42 (Bobby Butler, Brendon Nash) at 14:27
7. Senators , Shane Sims 7 (Cody Hodgson, Logan Stephenson) at 19:29
Penalties :
Anton Babchuk (Vic) for Hooking (Minor) at 0:56, Ryan Vesce (Vic) for Roughing (Minor) at 1:28, Anton Babchuk (Vic) for Tripping (Minor) at 8:02
3rd period
8. Senators , Matt Frattin 14 (Gabriel Bourque, Nick Bjugstad) at 1:17
9. Demolitions , Ryan Vesce 43 (Bobby Butler, Darren Helm) at 6:56
10. Demolitions , Matt D'Agostini 19 (Nigel Dawes, Marek Zagrapan) at 7:38
11. Senators , Stanislav Chistov 48 (Josh Hennessy, Logan Stephenson) at 9:38 (SH)
12. Demolitions , Darren Helm 27 (Ryan Vesce, Anton Babchuk) at 12:55
13. Demolitions , Matt D'Agostini 20 (Nigel Dawes, Marek Zagrapan) at 13:19 (PP)
Penalties :
Milan Jurcina (BIN) for Holding (Minor) at 8:09, Logan Stephenson (BIN) for Slashing (Minor) at 13:12, Nigel Dawes (Vic) for Hooking (Minor) at 14:06, Logan Stephenson (BIN) for Interference (Minor) at 14:53, Dylan Hunter (BIN) for Holding (Minor) at 17:28
Goalie Stats
Brent Krahn (Vic), 14 saves from 17 shots - (0,824), L, 35-20-6, 30:07 minutes
Joe Cannata (Vic), 15 saves from 19 shots - (0,789), 29:27 minutes
Jonas Gustavsson (BIN), 35 saves from 41 shots - (0,854), W, 37-20-3, 60:00 minutes
Players Stats for Demolitions
Player Name G A P +/- PIM S H SB GA TA FO MP PP MP PK MP
------------------------------------------------------------------------------------
Alex Hutchings 0 0 0 0 0 0 0 0 0 0 0/0 2:19 0:00 1:47
Andrew Campbell 0 0 0 1 0 1 0 0 0 0 0/0 8:31 0:00 0:42
Anssi Salmela 0 0 0 -3 0 2 1 2 0 0 0/0 18:49 3:36 1:28
Anton Babchuk 0 1 1 2 4 1 2 3 0 2 0/0 29:03 5:32 3:35
Billy Sweat 0 0 0 -1 0 0 0 0 0 0 0/0 7:57 0:00 0:00
Bobby Butler 0 2 2 1 0 3 2 1 2 1 4/12 26:41 4:52 3:42
Brendon Nash 0 1 1 2 0 4 1 1 0 0 0/0 29:47 5:32 4:17
Chris Wideman 0 0 0 0 0 0 0 0 0 1 0/0 3:35 0:00 0:00
Corban Knight 0 0 0 0 0 0 2 0 0 0 1/3 6:34 0:00 0:38
Darren Helm 1 1 2 1 0 4 0 3 0 0 24/42 23:26 5:23 1:06
David Laliberté 0 1 1 -1 2 2 1 0 0 1 0/0 8:15 0:18 0:00
David Rundblad 0 0 0 -3 0 2 0 1 1 3 0/0 18:49 3:36 1:28
Josh Beaulieu 1 0 1 0 0 1 0 0 0 0 0/0 6:55 0:00 0:48
Konstantin Pushkarev 0 1 1 0 0 0 2 0 0 0 0/0 5:56 0:00 0:00
Marek Zagrapan 0 2 2 0 0 2 0 0 0 1 11/19 15:18 3:45 0:00
Masi Marjamaki 0 0 0 0 0 0 0 0 0 0 1/1 1:03 0:13 0:00
Matt D'Agostini 2 0 2 0 0 4 1 0 1 0 0/0 15:18 3:45 0:00
Nicolas Blanchard 0 0 0 -1 0 2 0 0 0 1 2/3 7:57 0:00 0:00
Nigel Dawes 0 2 2 0 2 5 2 0 1 2 1/2 17:18 4:16 0:47
Robert Bortuzzo 0 0 0 0 0 0 0 0 0 0 0/0 3:35 0:00 0:00
Ryan Vesce 2 1 3 1 2 8 2 3 1 1 2/2 25:41 4:52 2:42
Seth Helgeson 0 0 0 1 2 0 0 0 0 0 0/0 7:18 0:00 0:00
Taylor Aronson 0 0 0 0 0 0 0 0 0 0 0/0 0:31 0:00 0:00
Vince Rocco 0 0 0 0 0 0 0 0 0 0 0/0 0:40 0:00 0:00
Players Stats for Senators
Player Name G A P +/- PIM S H SB GA TA FO MP PP MP PK MP
------------------------------------------------------------------------------------
Brett Sterling 1 0 1 0 0 2 2 3 0 0 1/1 15:14 2:20 1:13
Cody Hodgson 1 1 2 1 0 4 1 1 1 0 6/18 17:08 2:20 2:22
Dylan Hunter 0 0 0 0 4 1 2 0 0 0 1/1 10:16 0:00 0:53
Erik Karlsson 0 1 1 1 0 1 3 2 1 2 0/0 31:24 3:44 5:16
Gabriel Bourque 0 1 1 1 0 0 1 0 0 0 0/0 4:46 0:00 0:00
Jack Skille 0 0 0 0 0 1 1 0 1 0 0/0 9:41 0:00 0:00
Josh Hennessy 1 2 3 -2 0 2 2 1 1 0 19/39 26:58 3:25 5:30
Logan Stephenson 0 2 2 1 6 1 0 0 1 0 0/0 18:49 1:59 3:27
Mark Olver 0 0 0 0 0 2 0 0 0 0 3/4 9:35 0:00 0:00
Martin Marincin 0 0 0 -1 0 0 0 0 0 0 0/0 11:25 0:00 2:00
Matt Frattin 1 0 1 1 0 2 0 0 0 0 0/0 4:46 0:00 0:00
Milan Jurcina 0 0 0 0 4 3 6 2 2 1 0/0 28:17 3:44 2:56
Nick Bjugstad 0 1 1 1 0 0 2 0 0 0 0/0 5:28 0:00 0:31
Patrick Wey 0 0 0 -2 0 0 2 0 0 0 0/0 11:09 0:00 0:45
Sergei Kostitsyn 0 2 2 -2 0 2 0 2 1 1 6/17 26:53 3:25 5:25
Shane Sims 1 0 1 1 0 3 2 1 2 1 0/0 19:45 2:01 3:52
Stanislav Chistov 2 1 3 -1 0 9 2 0 1 0 1/3 22:28 3:25 2:22
Steven Goertzen 0 2 2 0 0 3 1 2 2 1 1/1 13:50 2:20 0:00
3 Stars
1 - Ryan Vesce (Vic)
2 - Stanislav Chistov (BIN)
3 - Matt D'Agostini (Vic)
Power Play
Demolitions - 1 on 7 Attempt(s) - 14,29%
Senators - 2 on 6 Attempt(s) - 33,33%
Penalty Kill
Demolitions - 4 on 6 Attempt(s) - 66,67%
- Score 0 goal in Penalty Kill
Senators - 6 on 7 Attempt(s) - 85,71%
- Score 1 goal in Penalty Kill
Team Stat
Demolitions - Hits : 16 - Faceoff Wins : 46 - Blocked Shots : 14 - Penalty Minutes : 12
Senators - Hits : 27 - Faceoff Wins : 38 - Blocked Shots : 14 - Penalty Minutes : 14
Official
Referees : VanMassenhoven Don and Martell Rob
Linesman : Jean Morin and Pierre Racicot
Game Notes
Brent Krahn enters game at 9:27 of 2nd period
7:38 of 3rd period - Demolitions goal is going for a video replay. After video review, Goal.
Finance
Level 1 -- Attendance: 1570 (78,50%) -- Ticket Income 47 100 $
Level 2 -- Attendance: 831 (83,10%) -- Ticket Income 8 310 $
Total Attendance: 2401 (80,03%)
Total Ticket Income: 55 410 $
Other Income: 2 770 $
Total Income: 58 180 $
Demolitions
5 vs 5 Forward
Center Left Wing Right Wing Time % Phy DF OF
1 Darren Helm Bobby Butler Ryan Vesce 40 1 2 2
2 Marek Zagrapan Nigel Dawes Matt D'Agostini 30 1 2 2
3 Nicolas Blanchard Billy Sweat David Laliberté 20 1 2 2
4 Corban Knight Josh Beaulieu Konstantin Pushkarev 10 1 2 2
5 vs 5 Defense
Defense Defense Time % Phy DF OF
1 Brendon Nash Anton Babchuk 40 1 2 2
2 Anssi Salmela David Rundblad 30 1 2 2
3 Andrew Campbell Seth Helgeson 20 1 2 2
4 Robert Bortuzzo Chris Wideman 10 1 2 2
PowerPlay Forward
Center Left Wing Right Wing Time % Phy DF OF
1 Darren Helm Bobby Butler Ryan Vesce 60 1 2 2
2 Marek Zagrapan Nigel Dawes Matt D'Agostini 40 1 2 2
PowerPlay Defense
Defense Defense Time % Phy DF OF
1 Brendon Nash Anton Babchuk 60 1 2 2
2 Anssi Salmela David Rundblad 40 1 2 2
Penalty Kill 4 Players Forward
Center Wing Time % Phy DF OF
1 Bobby Butler Ryan Vesce 60 1 2 2
2 Nigel Dawes Darren Helm 40 1 2 2
Penalty Kill 4 Players Defense
Defense Defense Time % Phy DF OF
1 Brendon Nash Anton Babchuk 60 1 2 2
2 Anssi Salmela David Rundblad 40 1 2 2
Penalty Kill - 3 Players Forward
Forward Time % Phy DF OF
1 Bobby Butler 60 1 2 2
2 Ryan Vesce 40 1 2 2
Penalty Kill - 3 Players Defense
Defense Defense Time % Phy DF OF
1 Brendon Nash Anton Babchuk 60 1 2 2
2 Anssi Salmela David Rundblad 40 1 2 2
4 vs 4 Forward
Center Wing Time % Phy DF OF
1 Bobby Butler Ryan Vesce 60 1 2 2
2 Nigel Dawes Darren Helm 40 1 2 2
4 vs 4 Defense
Defense Defense Time % Phy DF OF
1 Brendon Nash Anton Babchuk 60 1 2 2
2 Anssi Salmela David Rundblad 40 1 2 2
Last Minutes Offensive
Center Left Wing Right Wing Defense Defense
Darren Helm Bobby Butler Ryan Vesce Brendon Nash Anton Babchuk
Last Minutes Defensive
Center Left Wing Right Wing Defense Defense
Darren Helm Bobby Butler Ryan Vesce Brendon Nash Anton Babchuk
Goaltenders
Starting : Joe Cannata
Backup : Brent Krahn
Extra Forwards
Normal : Masi Marjamaki, Vince Rocco, Alex Hutchings - PP : Masi Marjamaki, Vince Rocco - PK : Alex Hutchings
Extra Defensemen
Normal : Taylor Aronson, Andrew Campbell, Seth Helgeson - PP : Taylor Aronson - PK : Andrew Campbell, Seth Helgeson
Penalty Shots
Bobby Butler, Ryan Vesce, Nigel Dawes, Darren Helm, Matt D'Agostini
Senators
5 vs 5 Forward
Center Left Wing Right Wing Time % Phy DF OF
1 Josh Hennessy Sergei Kostitsyn Stanislav Chistov 39 1 2 2
2 Cody Hodgson Brett Sterling Steven Goertzen 29 1 2 2
3 Mark Olver Dylan Hunter Jack Skille 20 1 2 2
4 Nick Bjugstad Gabriel Bourque Matt Frattin 12 1 2 2
5 vs 5 Defense
Defense Defense Time % Phy DF OF
1 Milan Jurcina Erik Karlsson 40 1 2 2
2 Logan Stephenson Shane Sims 30 1 2 2
3 Patrick Wey Martin Marincin 20 1 2 2
4 Milan Jurcina Erik Karlsson 10 1 2 2
PowerPlay Forward
Center Left Wing Right Wing Time % Phy DF OF
1 Josh Hennessy Sergei Kostitsyn Stanislav Chistov 60 0 2 3
2 Cody Hodgson Brett Sterling Steven Goertzen 40 0 2 3
PowerPlay Defense
Defense Defense Time % Phy DF OF
1 Milan Jurcina Erik Karlsson 60 1 2 2
2 Logan Stephenson Shane Sims 40 1 2 2
Penalty Kill 4 Players Forward
Center Wing Time % Phy DF OF
1 Sergei Kostitsyn Josh Hennessy 60 0 3 2
2 Stanislav Chistov Cody Hodgson 40 0 3 2
Penalty Kill 4 Players Defense
Defense Defense Time % Phy DF OF
1 Milan Jurcina Erik Karlsson 60 1 2 2
2 Logan Stephenson Shane Sims 40 1 2 2
Penalty Kill - 3 Players Forward
Forward Time % Phy DF OF
1 Sergei Kostitsyn 60 0 3 2
2 Josh Hennessy 40 0 3 2
Penalty Kill - 3 Players Defense
Defense Defense Time % Phy DF OF
1 Milan Jurcina Erik Karlsson 60 1 2 2
2 Logan Stephenson Shane Sims 40 1 2 2
4 vs 4 Forward
Center Wing Time % Phy DF OF
1 Sergei Kostitsyn Josh Hennessy 60 1 2 2
2 Stanislav Chistov Cody Hodgson 40 1 2 2
4 vs 4 Defense
Defense Defense Time % Phy DF OF
1 Milan Jurcina Erik Karlsson 60 1 2 2
2 Logan Stephenson Shane Sims 40 1 2 2
Last Minutes Offensive
Center Left Wing Right Wing Defense Defense
Josh Hennessy Sergei Kostitsyn Stanislav Chistov Milan Jurcina Erik Karlsson
Last Minutes Defensive
Center Left Wing Right Wing Defense Defense
Josh Hennessy Sergei Kostitsyn Stanislav Chistov Milan Jurcina Erik Karlsson
Goaltenders
Starting : Jonas Gustavsson
Backup : Alexander Salak
Extra Forwards
Normal : Jack Skille, Mark Olver, Dylan Hunter - PP : Jack Skille, Mark Olver - PK : Dylan Hunter
Extra Defensemen
Normal : Patrick Wey, Martin Marincin, Logan Stephenson - PP : Patrick Wey - PK : Martin Marincin, Logan Stephenson
Penalty Shots
Sergei Kostitsyn, Josh Hennessy, Stanislav Chistov, Cody Hodgson, Steven Goertzen
% Time on Ice - Demolitions
Lines # - Real PCT - Wanted PCT - Time Play
Normal Forward
1 - 39% - 40% - 16:16
2 - 28% - 30% - 11:34
3 - 19% - 20% - 7:57
4 - 14% - 10% - 5:56
Normal Defense
1 - 44% - 40% - 18:27
2 - 30% - 30% - 12:23
3 - 17% - 20% - 7:18
4 - 9% - 10% - 3:35
PP Forward
1 - 53% - 60% - 4:52
2 - 47% - 40% - 4:16
PP Defense
1 - 61% - 60% - 5:32
2 - 39% - 40% - 3:36
PK Forward
1 - 81% - 60% - 4:39
2 - 19% - 40% - 1:06
PK Defense
1 - 74% - 60% - 4:17
2 - 26% - 40% - 1:28
PK3 Forward
1 - 0% - 60%
2 - 0% - 40%
PK3 Defense
1 - 0% - 60%
2 - 0% - 40%
44 Forward
1 - 70% - 60% - 2:01
2 - 30% - 40% - 0:52
44 Defense
1 - 53% - 60% - 1:31
2 - 47% - 40% - 1:22
Last Minute Offensive - 0:31
Last Minute Defensive - 0:00
Total
Forward - 60:00
Defense - 60:00
|
% Time on Ice - Senators
Lines # - Real PCT - Wanted PCT - Time Play
Normal Forward
1 - 38% - 39% - 15:59
2 - 28% - 29% - 11:55
3 - 22% - 20% - 9:13
4 - 11% - 12% - 4:46
Normal Defense
1 - 44% - 40% - 18:27
2 - 31% - 30% - 12:56
3 - 21% - 20% - 8:51
4 - 4% - 10% - 1:39
PP Forward
1 - 59% - 60% - 3:25
2 - 41% - 40% - 2:20
PP Defense
1 - 65% - 60% - 3:44
2 - 35% - 40% - 2:01
PK Forward
1 - 74% - 60% - 6:46
2 - 26% - 40% - 2:22
PK Defense
1 - 58% - 60% - 5:16
2 - 42% - 40% - 3:52
PK3 Forward
1 - 0% - 60%
2 - 0% - 40%
PK3 Defense
1 - 0% - 60%
2 - 0% - 40%
44 Forward
1 - 79% - 60% - 2:16
2 - 21% - 40% - 0:37
44 Defense
1 - 68% - 60% - 1:57
2 - 32% - 40% - 0:56
Last Minute Offensive - 0:00
Last Minute Defensive - 0:21
Total
Forward - 60:00
Defense - 60:00
|
Play by Play
1st period
0:01 of 1st period - Josh Hennessy wins face-off versus Darren Helm in neutral zone.
0:12 of 1st period - Wrist shot by Bobby Butler.
0:12 of 1st period - Shot Blocked by Sergei Kostitsyn.
0:14 of 1st period - Snap shot by Darren Helm.
0:14 of 1st period - Shot Misses the Net.
0:32 of 1st period - Wrist shot by Cody Hodgson.
0:32 of 1st period - Shot Misses the Net.
0:36 of 1st period - Wrist shot by Cody Hodgson.
0:36 of 1st period - Deflect By Brett Sterling.
0:36 of 1st period - Shot Misses the Net.
0:36 of 1st period - Puck is out of play.
0:37 of 1st period - Mark Olver wins face-off versus Nicolas Blanchard in Demolitions zone.
0:38 of 1st period - Wrist shot by Jack Skille.
0:38 of 1st period - Shot Misses the Net.
1:03 of 1st period - David Rundblad is hit by Nick Bjugstad and loses puck.
1:48 of 1st period - Wrist shot by Marek Zagrapan.
1:48 of 1st period - Stopped by Jonas Gustavsson without a rebound.
1:49 of 1st period - Marek Zagrapan wins face-off versus Cody Hodgson in Senators zone.
2:02 of 1st period - Wrist shot by Marek Zagrapan.
2:02 of 1st period - Shot Blocked by Brett Sterling.
2:15 of 1st period - Minor Penalty to Milan Jurcina for Interference.
2:16 of 1st period - Darren Helm wins face-off versus Sergei Kostitsyn in Senators zone.
2:17 of 1st period - Snap shot by Ryan Vesce.
2:17 of 1st period - Shot Misses the Net.
2:41 of 1st period - Stanislav Chistov is hit by Nigel Dawes and loses puck.
4:15 of 1st period - Penalty to Milan Jurcina is over, Milan Jurcina is back on ice.
4:31 of 1st period - Andrew Campbell is hit by Cody Hodgson and loses puck.
4:44 of 1st period - Slapshot by Erik Karlsson.
4:44 of 1st period - Deflect By Jack Skille.
4:44 of 1st period - Stopped by Joe Cannata with a rebound.
6:10 of 1st period - Snap shot by Nicolas Blanchard.
6:10 of 1st period - Deflect By Billy Sweat.
6:10 of 1st period - Shot Blocked by Cody Hodgson.
6:10 of 1st period - Puck is out of play.
6:11 of 1st period - Nicolas Blanchard wins face-off versus Cody Hodgson in Senators zone.
6:27 of 1st period - Minor Penalty to David Laliberté for Holding.
6:28 of 1st period - Josh Hennessy wins face-off versus Bobby Butler in Demolitions zone.
6:45 of 1st period - Minor Penalty to Logan Stephenson for Hooking.
6:46 of 1st period - Sergei Kostitsyn wins face-off versus Bobby Butler in Senators zone.
6:55 of 1st period - Snap shot by Sergei Kostitsyn.
6:55 of 1st period - Shot Misses the Net.
7:03 of 1st period - Milan Jurcina is hit by Ryan Vesce and loses puck.
7:24 of 1st period - Snap shot by Cody Hodgson.
7:24 of 1st period - Shot Misses the Net.
7:26 of 1st period - Slapshot by Milan Jurcina.
7:26 of 1st period - Shot Blocked by Darren Helm.
8:12 of 1st period - Martin Marincin is hit by Nigel Dawes and loses puck.
8:19 of 1st period - Nigel Dawes is hit by Jack Skille and loses puck.
8:23 of 1st period - Icing by Anssi Salmela.
8:24 of 1st period - Nigel Dawes wins face-off versus Sergei Kostitsyn in Demolitions zone.
8:24 of 1st period - Nigel Dawes is hit by Josh Hennessy.
8:27 of 1st period - Penalty to David Laliberté is over, David Laliberté is back on ice.
8:40 of 1st period - Nigel Dawes is hit by Milan Jurcina and loses puck.
8:45 of 1st period - Penalty to Logan Stephenson is over, Logan Stephenson is back on ice.
8:48 of 1st period - Icing by Anton Babchuk.
8:49 of 1st period - Mark Olver wins face-off versus Corban Knight in Demolitions zone.
8:51 of 1st period - Minor Penalty to Dylan Hunter for Hooking.
8:52 of 1st period - Ryan Vesce wins face-off versus Sergei Kostitsyn in Senators zone.
9:54 of 1st period - Icing by Ryan Vesce.
9:55 of 1st period - Darren Helm wins face-off versus Stanislav Chistov in Demolitions zone.
10:51 of 1st period - Penalty to Dylan Hunter is over, Dylan Hunter is back on ice.
11:08 of 1st period - Wrist shot by Dylan Hunter.
11:08 of 1st period - Stopped by Joe Cannata with a rebound.
11:31 of 1st period - Gabriel Bourque is hit by Konstantin Pushkarev and loses puck.
12:13 of 1st period - Snap shot by Ryan Vesce.
12:13 of 1st period - Stopped by Jonas Gustavsson with a rebound.
12:24 of 1st period - Off-side.
12:25 of 1st period - Corban Knight wins face-off versus Cody Hodgson in neutral zone.
13:10 of 1st period - Brendon Nash is hit by Stanislav Chistov.
13:28 of 1st period - Anssi Salmela is hit by Milan Jurcina and loses puck.
14:51 of 1st period - Stanislav Chistov is hit by David Laliberté and loses puck.
15:03 of 1st period - Minor Penalty to Seth Helgeson for Roughing.
15:04 of 1st period - Josh Hennessy wins face-off versus Bobby Butler in Demolitions zone.
15:09 of 1st period - Snap shot by Stanislav Chistov.
15:09 of 1st period - Shot Blocked by Brendon Nash.
15:11 of 1st period - Slapshot by Stanislav Chistov.
15:11 of 1st period - Deflect By Josh Hennessy.
15:11 of 1st period - Shot Misses the Net.
15:11 of 1st period - Puck is out of play.
15:12 of 1st period - Josh Hennessy wins face-off versus Bobby Butler in Demolitions zone.
15:15 of 1st period - Snap shot by Sergei Kostitsyn.
15:15 of 1st period - Shot Misses the Net.
15:17 of 1st period - Wrist shot by Sergei Kostitsyn.
15:17 of 1st period - Shot Misses the Net.
15:23 of 1st period - Snap shot by Stanislav Chistov.
15:23 of 1st period - Shot Blocked by Ryan Vesce.
15:25 of 1st period - Slapshot by Milan Jurcina.
15:25 of 1st period - Stopped by Joe Cannata with a rebound.
15:27 of 1st period - Slapshot by Milan Jurcina.
15:27 of 1st period - Stopped by Joe Cannata without a rebound.
15:28 of 1st period - Bobby Butler wins face-off versus Josh Hennessy in Demolitions zone.
17:03 of 1st period - Penalty to Seth Helgeson is over, Seth Helgeson is back on ice.
17:14 of 1st period - Billy Sweat is hit by Dylan Hunter and loses puck.
17:38 of 1st period - Josh Beaulieu is hit by Gabriel Bourque and loses puck.
19:21 of 1st period - Slapshot by Matt D'Agostini.
19:21 of 1st period - Shot Misses the Net.
19:23 of 1st period - Slapshot by Brendon Nash.
19:23 of 1st period - Deflect By Matt D'Agostini.
19:23 of 1st period - Shot Blocked by Brett Sterling.
19:23 of 1st period - Puck is out of play.
19:24 of 1st period - Marek Zagrapan wins face-off versus Josh Hennessy in Senators zone.
Goals for this period are 0 for Demolitions vs 0 for Senators.
Shots for this period are 2 for Demolitions vs 4 for Senators.
2nd period
0:01 of 2nd period - Darren Helm wins face-off versus Josh Hennessy in neutral zone.
0:16 of 2nd period - Wrist shot by Sergei Kostitsyn.
0:16 of 2nd period - Shot Blocked by Anton Babchuk.
0:23 of 2nd period - Icing by Ryan Vesce.
0:24 of 2nd period - Darren Helm wins face-off versus Cody Hodgson in Demolitions zone.
0:31 of 2nd period - Snap shot by Matt D'Agostini.
0:31 of 2nd period - Stopped by Jonas Gustavsson without a rebound.
0:32 of 2nd period - Marek Zagrapan wins face-off versus Josh Hennessy in Senators zone.
0:39 of 2nd period - Wrist shot by Nigel Dawes.
0:39 of 2nd period - Shot Misses the Net.
0:43 of 2nd period - Snap shot by Nigel Dawes.
0:43 of 2nd period - Stopped by Jonas Gustavsson without a rebound.
0:44 of 2nd period - Darren Helm wins face-off versus Josh Hennessy in Senators zone.
0:49 of 2nd period - Snap shot by Darren Helm.
0:49 of 2nd period - Deflect By Bobby Butler.
0:49 of 2nd period - Deflect By Josh Hennessy.
0:49 of 2nd period - Shot Misses the Net.
0:49 of 2nd period - Puck is out of play.
0:50 of 2nd period - Darren Helm wins face-off versus Stanislav Chistov in Senators zone.
0:56 of 2nd period - Minor Penalty to Anton Babchuk for Hooking.
0:57 of 2nd period - Stanislav Chistov wins face-off versus Bobby Butler in Demolitions zone.
1:06 of 2nd period - Slapshot by Josh Hennessy.
1:06 of 2nd period - Goal by Josh Hennessy - Demolitions : 0 - Senators : 1.
1:07 of 2nd period - Josh Hennessy wins face-off versus Darren Helm in neutral zone.
1:12 of 2nd period - Snap shot by Stanislav Chistov.
1:12 of 2nd period - Stopped by Joe Cannata with a rebound.
1:14 of 2nd period - Slapshot by Erik Karlsson.
1:14 of 2nd period - Stopped by Joe Cannata with a rebound.
1:28 of 2nd period - Minor Penalty to Ryan Vesce for Roughing.
1:29 of 2nd period - Josh Hennessy wins face-off versus Bobby Butler in Demolitions zone.
1:44 of 2nd period - Anton Babchuk is hit by Erik Karlsson and loses puck.
2:01 of 2nd period - Wrist shot by Steven Goertzen.
2:01 of 2nd period - Stopped by Joe Cannata with a rebound.
2:08 of 2nd period - Icing by Cody Hodgson.
2:09 of 2nd period - Cody Hodgson wins face-off versus Corban Knight in Senators zone.
2:16 of 2nd period - Slapshot by David Rundblad.
2:16 of 2nd period - Stopped by Jonas Gustavsson with a rebound.
3:10 of 2nd period - Shane Sims is hit by Corban Knight and loses puck.
3:28 of 2nd period - Penalty to Ryan Vesce is over, Ryan Vesce is back on ice.
3:46 of 2nd period - Snap shot by Matt D'Agostini.
3:46 of 2nd period - Deflect By Marek Zagrapan.
3:46 of 2nd period - Stopped by Jonas Gustavsson without a rebound.
3:47 of 2nd period - Marek Zagrapan wins face-off versus Mark Olver in Senators zone.
3:48 of 2nd period - Wrist shot by Nigel Dawes.
3:48 of 2nd period - Shot Misses the Net.
4:25 of 2nd period - Off-side.
4:26 of 2nd period - Darren Helm wins face-off versus Josh Hennessy in neutral zone.
4:39 of 2nd period - Slapshot by Erik Karlsson.
4:39 of 2nd period - Deflect By Stanislav Chistov.
4:39 of 2nd period - Stopped by Joe Cannata without a rebound.
4:40 of 2nd period - Darren Helm wins face-off versus Josh Hennessy in Demolitions zone.
4:49 of 2nd period - Slapshot by Brendon Nash.
4:49 of 2nd period - Shot Hit the Post.
5:05 of 2nd period - Brendon Nash is hit by Erik Karlsson and loses puck.
5:10 of 2nd period - Wrist shot by Steven Goertzen.
5:10 of 2nd period - Stopped by Joe Cannata with a rebound.
5:12 of 2nd period - Wrist shot by Logan Stephenson.
5:12 of 2nd period - Deflect By Brett Sterling.
5:12 of 2nd period - Shot Misses the Net.
5:12 of 2nd period - Puck is out of play.
5:13 of 2nd period - Sergei Kostitsyn wins face-off versus Darren Helm in Demolitions zone.
5:28 of 2nd period - Snap shot by Stanislav Chistov.
5:28 of 2nd period - Goal by Stanislav Chistov - Demolitions : 0 - Senators : 2.
5:29 of 2nd period - Darren Helm wins face-off versus Josh Hennessy in neutral zone.
5:38 of 2nd period - Wrist shot by Ryan Vesce.
5:38 of 2nd period - Stopped by Jonas Gustavsson without a rebound.
5:39 of 2nd period - Darren Helm wins face-off versus Josh Hennessy in Senators zone.
5:40 of 2nd period - Slapshot by Ryan Vesce.
5:40 of 2nd period - Stopped by Jonas Gustavsson with a rebound.
5:48 of 2nd period - Snap shot by Stanislav Chistov.
5:48 of 2nd period - Shot Misses the Net.
5:50 of 2nd period - Wrist shot by Stanislav Chistov.
5:50 of 2nd period - Shot Blocked by Darren Helm.
5:52 of 2nd period - Snap shot by Stanislav Chistov.
5:52 of 2nd period - Stopped by Joe Cannata without a rebound.
5:53 of 2nd period - Josh Hennessy wins face-off versus Darren Helm in Demolitions zone.
5:58 of 2nd period - Wrist shot by Stanislav Chistov.
5:58 of 2nd period - Stopped by Joe Cannata without a rebound.
5:59 of 2nd period - Josh Hennessy wins face-off versus Darren Helm in Demolitions zone.
6:02 of 2nd period - Slapshot by Sergei Kostitsyn.
6:02 of 2nd period - Deflect By Stanislav Chistov.
6:02 of 2nd period - Shot Misses the Net.
6:02 of 2nd period - Puck is out of play.
6:03 of 2nd period - Josh Hennessy wins face-off versus Darren Helm in Demolitions zone.
6:41 of 2nd period - Milan Jurcina is hit by Ryan Vesce and loses puck.
6:46 of 2nd period - Snap shot by Bobby Butler.
6:46 of 2nd period - Shot Misses the Net.
6:48 of 2nd period - Slapshot by Brendon Nash.
6:48 of 2nd period - Deflect By Sergei Kostitsyn.
6:48 of 2nd period - Stopped by Jonas Gustavsson with a rebound.
6:50 of 2nd period - Snap shot by Bobby Butler.
6:50 of 2nd period - Stopped by Jonas Gustavsson with a rebound.
6:52 of 2nd period - Slapshot by Brendon Nash.
6:52 of 2nd period - Shot Misses the Net.
6:54 of 2nd period - Slapshot by Brendon Nash.
6:54 of 2nd period - Deflect By Ryan Vesce.
6:54 of 2nd period - Shot Misses the Net.
6:54 of 2nd period - Puck is out of play.
6:55 of 2nd period - Cody Hodgson wins face-off versus Marek Zagrapan in Senators zone.
7:00 of 2nd period - Slapshot by Matt D'Agostini.
7:00 of 2nd period - Stopped by Jonas Gustavsson without a rebound.
7:01 of 2nd period - Cody Hodgson wins face-off versus Nigel Dawes in Senators zone.
7:14 of 2nd period - Wrist shot by Steven Goertzen.
7:14 of 2nd period - Stopped by Joe Cannata with a rebound.
7:16 of 2nd period - Snap shot by Cody Hodgson.
7:16 of 2nd period - Deflect By Brett Sterling.
7:16 of 2nd period - Stopped by Joe Cannata with a rebound.
7:36 of 2nd period - Wrist shot by David Laliberté.
7:36 of 2nd period - Stopped by Jonas Gustavsson with a rebound.
7:38 of 2nd period - Wrist shot by Nicolas Blanchard.
7:38 of 2nd period - Stopped by Jonas Gustavsson with a rebound.
7:56 of 2nd period - Snap shot by Matt Frattin.
7:56 of 2nd period - Stopped by Joe Cannata without a rebound.
7:57 of 2nd period - Josh Hennessy wins face-off versus Darren Helm in Demolitions zone.
7:58 of 2nd period - Wrist shot by Stanislav Chistov.
7:58 of 2nd period - Deflect By Sergei Kostitsyn.
7:58 of 2nd period - Shot Hit the Post.
7:58 of 2nd period - Puck is out of play.
7:59 of 2nd period - Darren Helm wins face-off versus Josh Hennessy in Demolitions zone.
7:59 of 2nd period - Darren Helm is hit by Josh Hennessy.
8:02 of 2nd period - Minor Penalty to Anton Babchuk for Tripping.
8:03 of 2nd period - Bobby Butler wins face-off versus Josh Hennessy in Demolitions zone.
8:32 of 2nd period - Wrist shot by Steven Goertzen.
8:32 of 2nd period - Shot Blocked by Ryan Vesce.
8:34 of 2nd period - Slapshot by Brett Sterling.
8:34 of 2nd period - Goal by Brett Sterling - Demolitions : 0 - Senators : 3.
8:35 of 2nd period - Josh Hennessy wins face-off versus Darren Helm in neutral zone.
8:38 of 2nd period - Backhand shot by Milan Jurcina.
8:38 of 2nd period - Stopped by Joe Cannata with a rebound.
8:46 of 2nd period - Wrist shot by Brendon Nash.
8:46 of 2nd period - Shot Hit the Post.
8:48 of 2nd period - Slapshot by Anton Babchuk.
8:48 of 2nd period - Shot Misses the Net.
8:57 of 2nd period - Icing by Stanislav Chistov.
8:58 of 2nd period - Cody Hodgson wins face-off versus Marek Zagrapan in Senators zone.
9:03 of 2nd period - Snap shot by Nigel Dawes.
9:03 of 2nd period - Stopped by Jonas Gustavsson without a rebound.
9:04 of 2nd period - Marek Zagrapan wins face-off versus Cody Hodgson in Senators zone.
9:05 of 2nd period - Snap shot by Nigel Dawes.
9:05 of 2nd period - Stopped by Jonas Gustavsson with a rebound.
9:27 of 2nd period - Wrist shot by Cody Hodgson.
9:27 of 2nd period - Goal by Cody Hodgson - Demolitions : 0 - Senators : 4.
9:27 of 2nd period - Brent Krahn enters game.
9:28 of 2nd period - Josh Hennessy wins face-off versus Darren Helm in neutral zone.
9:39 of 2nd period - Wrist shot by Stanislav Chistov.
9:39 of 2nd period - Stopped by Brent Krahn without a rebound.
9:40 of 2nd period - Josh Hennessy wins face-off versus Darren Helm in Demolitions zone.
9:53 of 2nd period - Wrist shot by Brendon Nash.
9:53 of 2nd period - Deflect By Ryan Vesce.
9:53 of 2nd period - Stopped by Jonas Gustavsson with a rebound.
9:55 of 2nd period - Snap shot by Brendon Nash.
9:55 of 2nd period - Stopped by Jonas Gustavsson without a rebound.
9:56 of 2nd period - Brett Sterling wins face-off versus Marek Zagrapan in Senators zone.
9:56 of 2nd period - Brett Sterling is hit by Matt D'Agostini.
10:11 of 2nd period - Snap shot by Cody Hodgson.
10:11 of 2nd period - Deflect By Marek Zagrapan.
10:11 of 2nd period - Shot Blocked by Anton Babchuk.
10:11 of 2nd period - Puck is out of play.
10:12 of 2nd period - Darren Helm wins face-off versus Josh Hennessy in Demolitions zone.
10:12 of 2nd period - Darren Helm is hit by Shane Sims.
10:47 of 2nd period - Slapshot by Mark Olver.
10:47 of 2nd period - Shot Blocked by David Rundblad.
10:49 of 2nd period - Slapshot by Logan Stephenson.
10:49 of 2nd period - Shot Misses the Net.
11:25 of 2nd period - Wrist shot by Konstantin Pushkarev.
11:25 of 2nd period - Shot Misses the Net.
11:27 of 2nd period - Snap shot by Josh Beaulieu.
11:27 of 2nd period - Goal by Josh Beaulieu - Demolitions : 1 - Senators : 4.
11:28 of 2nd period - Darren Helm wins face-off versus Sergei Kostitsyn in neutral zone.
11:30 of 2nd period - Off-side.
11:31 of 2nd period - Josh Hennessy wins face-off versus Darren Helm in neutral zone.
11:47 of 2nd period - Icing by Milan Jurcina.
11:48 of 2nd period - Marek Zagrapan wins face-off versus Josh Hennessy in Senators zone.
11:57 of 2nd period - Slapshot by Brendon Nash.
11:57 of 2nd period - Stopped by Jonas Gustavsson without a rebound.
11:58 of 2nd period - Marek Zagrapan wins face-off versus Josh Hennessy in Senators zone.
12:19 of 2nd period - Slapshot by Brendon Nash.
12:19 of 2nd period - Stopped by Jonas Gustavsson without a rebound.
12:20 of 2nd period - Cody Hodgson wins face-off versus Darren Helm in Senators zone.
12:33 of 2nd period - Wrist shot by Ryan Vesce.
12:33 of 2nd period - Shot Blocked by Steven Goertzen.
12:36 of 2nd period - Icing by Shane Sims.
12:37 of 2nd period - Cody Hodgson wins face-off versus Marek Zagrapan in Senators zone.
12:44 of 2nd period - Slapshot by Shane Sims.
12:44 of 2nd period - Stopped by Brent Krahn with a rebound.
13:02 of 2nd period - Brett Sterling is hit by Anton Babchuk and loses puck.
14:09 of 2nd period - Slapshot by Milan Jurcina.
14:09 of 2nd period - Shot Blocked by Anton Babchuk.
14:11 of 2nd period - Snap shot by Mark Olver.
14:11 of 2nd period - Stopped by Brent Krahn without a rebound.
14:12 of 2nd period - Darren Helm wins face-off versus Josh Hennessy in Demolitions zone.
14:21 of 2nd period - Slapshot by Brendon Nash.
14:21 of 2nd period - Shot Misses the Net.
14:25 of 2nd period - Snap shot by Bobby Butler.
14:25 of 2nd period - Shot Misses the Net.
14:27 of 2nd period - Snap shot by Ryan Vesce.
14:27 of 2nd period - Goal by Ryan Vesce - Demolitions : 2 - Senators : 4.
14:28 of 2nd period - Josh Hennessy wins face-off versus Darren Helm in neutral zone.
15:06 of 2nd period - Snap shot by Darren Helm.
15:06 of 2nd period - Stopped by Jonas Gustavsson with a rebound.
15:08 of 2nd period - Slapshot by Bobby Butler.
15:08 of 2nd period - Shot Blocked by Erik Karlsson.
15:10 of 2nd period - Snap shot by Ryan Vesce.
15:10 of 2nd period - Stopped by Jonas Gustavsson with a rebound.
15:12 of 2nd period - Slapshot by Bobby Butler.
15:12 of 2nd period - Stopped by Jonas Gustavsson without a rebound.
15:13 of 2nd period - Josh Hennessy wins face-off versus Marek Zagrapan in Senators zone.
15:39 of 2nd period - Anton Babchuk is hit by Brett Sterling and loses puck.
16:36 of 2nd period - Darren Helm is hit by Stanislav Chistov and loses puck.
17:41 of 2nd period - Snap shot by Jack Skille.
17:41 of 2nd period - Shot Misses the Net.
17:43 of 2nd period - Snap shot by Mark Olver.
17:43 of 2nd period - Stopped by Brent Krahn with a rebound.
17:45 of 2nd period - Wrist shot by Jack Skille.
17:45 of 2nd period - Shot Misses the Net.
18:07 of 2nd period - Darren Helm is hit by Patrick Wey and loses puck.
18:46 of 2nd period - Snap shot by Nicolas Blanchard.
18:46 of 2nd period - Deflect By David Laliberté.
18:46 of 2nd period - Shot Blocked by Brett Sterling.
18:46 of 2nd period - Puck is out of play.
18:47 of 2nd period - Nicolas Blanchard wins face-off versus Cody Hodgson in Senators zone.
19:17 of 2nd period - Slapshot by Shane Sims.
19:17 of 2nd period - Shot Blocked by Anssi Salmela.
19:19 of 2nd period - Slapshot by Shane Sims.
19:19 of 2nd period - Stopped by Brent Krahn with a rebound.
19:21 of 2nd period - Snap shot by Cody Hodgson.
19:21 of 2nd period - Stopped by Brent Krahn with a rebound.
19:27 of 2nd period - Wrist shot by Cody Hodgson.
19:27 of 2nd period - Stopped by Brent Krahn with a rebound.
19:29 of 2nd period - Slapshot by Shane Sims.
19:29 of 2nd period - Goal by Shane Sims - Demolitions : 2 - Senators : 5.
19:30 of 2nd period - Ryan Vesce wins face-off versus Josh Hennessy in neutral zone.
19:37 of 2nd period - Snap shot by Darren Helm.
19:37 of 2nd period - Shot Misses the Net.
19:55 of 2nd period - Erik Karlsson is hit by Anton Babchuk and loses puck.
Goals for this period are 2 for Demolitions vs 5 for Senators.
Shots for this period are 22 for Demolitions vs 23 for Senators.
3rd period
0:01 of 3rd period - Darren Helm wins face-off versus Josh Hennessy in neutral zone.
0:04 of 3rd period - Josh Hennessy is hit by Brendon Nash and loses puck.
0:30 of 3rd period - Wrist shot by Dylan Hunter.
0:30 of 3rd period - Shot Misses the Net.
0:40 of 3rd period - Wrist shot by Erik Karlsson.
0:40 of 3rd period - Shot Misses the Net.
1:12 of 3rd period - Andrew Campbell is hit by Milan Jurcina and loses puck.
1:17 of 3rd period - Snap shot by Gabriel Bourque.
1:17 of 3rd period - Deflect By Matt Frattin.
1:17 of 3rd period - Goal by Matt Frattin - Demolitions : 2 - Senators : 6.
1:18 of 3rd period - Sergei Kostitsyn wins face-off versus Darren Helm in neutral zone.
1:43 of 3rd period - Anton Babchuk is hit by Steven Goertzen and loses puck.
3:15 of 3rd period - Slapshot by Nigel Dawes.
3:15 of 3rd period - Shot Misses the Net.
3:17 of 3rd period - Wrist shot by Nigel Dawes.
3:17 of 3rd period - Shot Blocked by Steven Goertzen.
3:19 of 3rd period - Slapshot by Nigel Dawes.
3:19 of 3rd period - Stopped by Jonas Gustavsson with a rebound.
3:21 of 3rd period - Snap shot by Nigel Dawes.
3:21 of 3rd period - Shot Blocked by Milan Jurcina.
5:14 of 3rd period - Wrist shot by Nicolas Blanchard.
5:14 of 3rd period - Stopped by Jonas Gustavsson with a rebound.
5:18 of 3rd period - Wrist shot by David Laliberté.
5:18 of 3rd period - Stopped by Jonas Gustavsson without a rebound.
5:19 of 3rd period - Darren Helm wins face-off versus Cody Hodgson in Senators zone.
5:32 of 3rd period - Snap shot by Steven Goertzen.
5:32 of 3rd period - Shot Misses the Net.
5:44 of 3rd period - Marek Zagrapan is hit by Patrick Wey and loses puck.
6:05 of 3rd period - David Laliberté is hit by Nick Bjugstad and loses puck.
6:24 of 3rd period - Dylan Hunter is hit by Corban Knight and loses puck.
6:33 of 3rd period - Dylan Hunter is hit by Konstantin Pushkarev.
6:37 of 3rd period - Konstantin Pushkarev is hit by Dylan Hunter and loses puck.
6:54 of 3rd period - Wrist shot by Ryan Vesce.
6:54 of 3rd period - Stopped by Jonas Gustavsson with a rebound.
6:56 of 3rd period - Wrist shot by Ryan Vesce.
6:56 of 3rd period - Goal by Ryan Vesce - Demolitions : 3 - Senators : 6.
6:57 of 3rd period - Darren Helm wins face-off versus Josh Hennessy in neutral zone.
7:27 of 3rd period - Snap shot by Cody Hodgson.
7:27 of 3rd period - Stopped by Brent Krahn without a rebound.
7:28 of 3rd period - Marek Zagrapan wins face-off versus Cody Hodgson in Demolitions zone.
7:28 of 3rd period - Marek Zagrapan is hit by Shane Sims.
7:36 of 3rd period - Wrist shot by Nigel Dawes.
7:36 of 3rd period - Stopped by Jonas Gustavsson with a rebound.
7:38 of 3rd period - Snap shot by Matt D'Agostini.
7:38 of 3rd period - Demolitions goal is going for a video replay.
7:38 of 3rd period - The goal is good.
7:38 of 3rd period - Goal by Matt D'Agostini - Demolitions : 4 - Senators : 6.
7:39 of 3rd period - Josh Hennessy wins face-off versus Darren Helm in neutral zone.
7:42 of 3rd period - Ryan Vesce is hit by Milan Jurcina and loses puck.
7:55 of 3rd period - Snap shot by Sergei Kostitsyn.
7:55 of 3rd period - Stopped by Brent Krahn without a rebound.
7:56 of 3rd period - Steven Goertzen wins face-off versus Marek Zagrapan in Demolitions zone.
8:02 of 3rd period - Off-side.
8:03 of 3rd period - Marek Zagrapan wins face-off versus Cody Hodgson in neutral zone.
8:09 of 3rd period - Minor Penalty to Milan Jurcina for Holding.
8:10 of 3rd period - Darren Helm wins face-off versus Sergei Kostitsyn in Senators zone.
8:24 of 3rd period - Wrist shot by Ryan Vesce.
8:24 of 3rd period - Deflect By Bobby Butler.
8:24 of 3rd period - Stopped by Jonas Gustavsson with a rebound.
8:26 of 3rd period - Slapshot by Brendon Nash.
8:26 of 3rd period - Shot Blocked by Sergei Kostitsyn.
9:12 of 3rd period - Shane Sims is hit by Anssi Salmela and loses puck.
9:38 of 3rd period - Snap shot by Josh Hennessy.
9:38 of 3rd period - Deflect By Stanislav Chistov.
9:38 of 3rd period - Goal by Stanislav Chistov - Demolitions : 4 - Senators : 7.
9:39 of 3rd period - Sergei Kostitsyn wins face-off versus Darren Helm in neutral zone.
9:42 of 3rd period - Snap shot by Josh Hennessy.
9:42 of 3rd period - Stopped by Brent Krahn without a rebound.
9:43 of 3rd period - Darren Helm wins face-off versus Sergei Kostitsyn in Demolitions zone.
10:09 of 3rd period - Penalty to Milan Jurcina is over, Milan Jurcina is back on ice.
10:34 of 3rd period - Wrist shot by Milan Jurcina.
10:34 of 3rd period - Deflect By Sergei Kostitsyn.
10:34 of 3rd period - Stopped by Brent Krahn without a rebound.
10:35 of 3rd period - Darren Helm wins face-off versus Cody Hodgson in Demolitions zone.
10:51 of 3rd period - Off-side.
10:52 of 3rd period - Mark Olver wins face-off versus Marek Zagrapan in neutral zone.
11:24 of 3rd period - Snap shot by Ryan Vesce.
11:24 of 3rd period - Deflect By Darren Helm.
11:24 of 3rd period - Shot Misses the Net.
11:24 of 3rd period - Puck is out of play.
11:25 of 3rd period - Josh Hennessy wins face-off versus Darren Helm in Senators zone.
11:36 of 3rd period - Brendon Nash is hit by Erik Karlsson.
11:43 of 3rd period - Stanislav Chistov is hit by Bobby Butler and loses puck.
11:48 of 3rd period - Wrist shot by Darren Helm.
11:48 of 3rd period - Shot Blocked by Josh Hennessy.
11:50 of 3rd period - Snap shot by Darren Helm.
11:50 of 3rd period - Stopped by Jonas Gustavsson with a rebound.
12:12 of 3rd period - Stanislav Chistov is hit by Bobby Butler and loses puck.
12:31 of 3rd period - Slapshot by Ryan Vesce.
12:31 of 3rd period - Shot Misses the Net.
12:33 of 3rd period - Wrist shot by Bobby Butler.
12:33 of 3rd period - Shot Misses the Net.
12:35 of 3rd period - Wrist shot by Darren Helm.
12:35 of 3rd period - Shot Misses the Net.
12:49 of 3rd period - Snap shot by Darren Helm.
12:49 of 3rd period - Stopped by Jonas Gustavsson with a rebound.
12:53 of 3rd period - Snap shot by Ryan Vesce.
12:53 of 3rd period - Shot Blocked by Erik Karlsson.
12:55 of 3rd period - Snap shot by Darren Helm.
12:55 of 3rd period - Goal by Darren Helm - Demolitions : 5 - Senators : 7.
12:56 of 3rd period - Marek Zagrapan wins face-off versus Cody Hodgson in neutral zone.
13:12 of 3rd period - Minor Penalty to Logan Stephenson for Slashing.
13:13 of 3rd period - Marek Zagrapan wins face-off versus Sergei Kostitsyn in Senators zone.
13:19 of 3rd period - Wrist shot by Matt D'Agostini.
13:19 of 3rd period - Goal by Matt D'Agostini - Demolitions : 6 - Senators : 7.
13:20 of 3rd period - Darren Helm wins face-off versus Cody Hodgson in neutral zone.
13:28 of 3rd period - Wrist shot by Cody Hodgson.
13:28 of 3rd period - Shot Blocked by Darren Helm.
13:30 of 3rd period - Slapshot by Logan Stephenson.
13:30 of 3rd period - Shot Misses the Net.
13:32 of 3rd period - Snap shot by Logan Stephenson.
13:32 of 3rd period - Deflect By Steven Goertzen.
13:32 of 3rd period - Shot Misses the Net.
13:32 of 3rd period - Puck is out of play.
13:33 of 3rd period - Josh Hennessy wins face-off versus Darren Helm in Demolitions zone.
13:48 of 3rd period - Slapshot by Logan Stephenson.
13:48 of 3rd period - Stopped by Brent Krahn with a rebound.
14:00 of 3rd period - Anton Babchuk is hit by Brett Sterling and loses puck.
14:06 of 3rd period - Minor Penalty to Nigel Dawes for Hooking.
14:07 of 3rd period - Bobby Butler wins face-off versus Josh Hennessy in Demolitions zone.
14:07 of 3rd period - Bobby Butler is hit by Milan Jurcina.
14:18 of 3rd period - Slapshot by Josh Hennessy.
14:18 of 3rd period - Shot Misses the Net.
14:20 of 3rd period - Snap shot by Stanislav Chistov.
14:20 of 3rd period - Stopped by Brent Krahn with a rebound.
14:22 of 3rd period - Snap shot by Stanislav Chistov.
14:22 of 3rd period - Stopped by Brent Krahn with a rebound.
14:53 of 3rd period - Minor Penalty to Logan Stephenson for Interference.
14:54 of 3rd period - Sergei Kostitsyn wins face-off versus Bobby Butler in Senators zone.
15:01 of 3rd period - Wrist shot by Josh Hennessy.
15:01 of 3rd period - Shot Blocked by Bobby Butler.
15:03 of 3rd period - Wrist shot by Josh Hennessy.
15:03 of 3rd period - Shot Blocked by Ryan Vesce.
15:05 of 3rd period - Slapshot by Erik Karlsson.
15:05 of 3rd period - Shot Blocked by Anssi Salmela.
15:07 of 3rd period - Snap shot by Sergei Kostitsyn.
15:07 of 3rd period - Shot Misses the Net.
15:16 of 3rd period - Icing by Bobby Butler.
15:17 of 3rd period - Bobby Butler wins face-off versus Sergei Kostitsyn in Demolitions zone.
15:24 of 3rd period - Slapshot by David Rundblad.
15:24 of 3rd period - Stopped by Jonas Gustavsson without a rebound.
15:25 of 3rd period - Sergei Kostitsyn wins face-off versus Bobby Butler in Senators zone.
16:06 of 3rd period - Penalty to Nigel Dawes is over, Nigel Dawes is back on ice.
16:23 of 3rd period - Off-side.
16:24 of 3rd period - Dylan Hunter wins face-off versus Marek Zagrapan in neutral zone.
16:32 of 3rd period - Slapshot by Anton Babchuk.
16:32 of 3rd period - Stopped by Jonas Gustavsson without a rebound.
16:33 of 3rd period - Darren Helm wins face-off versus Sergei Kostitsyn in Senators zone.
16:53 of 3rd period - Penalty to Logan Stephenson is over, Logan Stephenson is back on ice.
17:28 of 3rd period - Minor Penalty to Dylan Hunter for Holding.
17:29 of 3rd period - Darren Helm wins face-off versus Sergei Kostitsyn in Senators zone.
17:35 of 3rd period - Slapshot by Bobby Butler.
17:35 of 3rd period - Shot Blocked by Shane Sims.
17:37 of 3rd period - Slapshot by Anssi Salmela.
17:37 of 3rd period - Deflect By Logan Stephenson.
17:37 of 3rd period - Stopped by Jonas Gustavsson with a rebound.
17:39 of 3rd period - Slapshot by Anssi Salmela.
17:39 of 3rd period - Stopped by Jonas Gustavsson without a rebound.
17:40 of 3rd period - Darren Helm wins face-off versus Sergei Kostitsyn in Senators zone.
18:58 of 3rd period - Marek Zagrapan is hit by Milan Jurcina and loses puck.
19:28 of 3rd period - Penalty to Dylan Hunter is over, Dylan Hunter is back on ice.
19:34 of 3rd period - Demolitions, Brent Krahn is pulled from the net.
19:38 of 3rd period - Slapshot by Andrew Campbell.
19:38 of 3rd period - Stopped by Jonas Gustavsson without a rebound.
19:39 of 3rd period - John MacLean call a timeout for Demolitions.
19:39 of 3rd period - Masi Marjamaki wins face-off versus Josh Hennessy in Senators zone.
19:48 of 3rd period - Snap shot by Alex Hutchings.
19:48 of 3rd period - Shot Blocked by Milan Jurcina.
19:52 of 3rd period - Snap shot by Masi Marjamaki.
19:52 of 3rd period - Shot Misses the Net.
19:54 of 3rd period - Snap shot by Alex Hutchings.
19:54 of 3rd period - Shot Misses the Net.
Goals for this period are 4 for Demolitions vs 2 for Senators.
Shots for this period are 17 for Demolitions vs 9 for Senators.
Back to the Top